 Dungeon Crawl Stone Soup version 0.22-a0-322-g60b3cfd (webtiles) character file.

548 Kairos the Covered (level 7, -11/54 HPs)
             Began as a Human Fighter on Apr 5, 2018.
             Mangled by Kairos's ghost (13 damage)
             ... on level 4 of the Dungeon.
             The game lasted 00:06:29 (4529 turns).

Kairos the Covered (Human Fighter)                  Turns: 4529, Time: 00:06:30

Health: -11/54     AC: 20    Str: 16    XL:     7   Next: 53%
Magic:  7/7        EV:  7    Int:  9    God:
Gold:   172        SH:  9    Dex: 14    Spells: 6/6 levels left

rFire    . . .     SeeInvis .   b - +0 flail (protect)
rCold    . . .     Gourm    .   c - +0 shield
rNeg     + . .     Faith    .   v - +2 scale mail {rN+}
rPois    .         Spirit   .   n - +1 hat
rElec    .         Reflect  .   (no cloak)
rCorr    .         Harm     .   (no gloves)
MR       .....                  (no boots)
Stlth    +.........             (no amulet)
HPRegen  0.18/turn              o - ring of stealth
MPRegen  0.10/turn              q - +3 ring of protection

@: protection aura
A: no striking features
a: no special abilities


You were on level 4 of the Dungeon.
You were not hungry.

You visited 1 branch of the dungeon, and saw 4 of its levels.

You collected 172 gold pieces.

Inventory:

Hand Weapons
 a - a +0 war axe
 b - a +0 flail of protection (weapon)
Armour
 c - a +0 shield (worn)
 n - a +1 hat (worn)
 v - a +2 scale mail of positive energy (worn)
Magical Staves
 s - an uncursed staff of fire
Jewellery
 o - a ring of stealth (left hand)
 q - a +3 ring of protection (right hand)
Scrolls
 g - 4 scrolls of fog
 h - 4 scrolls of fear {unknown}
 i - 4 scrolls of remove curse {unknown}
 k - 2 scrolls of blinking {unknown}
 l - 4 scrolls of magic mapping {unknown}
 m - a scroll of amnesia {unknown}
 p - 5 scrolls of random uselessness {unknown}
 u - 3 scrolls of enchant armour {unknown}
 x - 6 scrolls of identify
 y - a scroll of teleportation {unknown}
 z - a scroll of noise {unknown}
Potions
 d - a potion of might
 e - 3 potions of haste
 r - 4 potions of curing
 t - a potion of lignification {unknown}
 w - a potion of invisibility {unknown}
Comestibles
 f - 5 rations


   Skills:
 + Level 4.0 Fighting
 + Level 4.6(4.7) Axes
 + Level 1.1(3.1) Maces & Flails
 + Level 4.6 Armour
 + Level 1.2 Dodging
 + Level 0.8 Stealth
 + Level 4.5 Shields


You had 6 spell levels left.
You didn't know any spells.

Dungeon Overview and Level Annotations

Branches:
Dungeon (4/15)
 Temple: D:4-7

Altars:
Elyvilon
Gozag
Qazlal
Yredelemnul

Annotations:
D:4 Kairos's ghost, novice BaFi


Message History

You sock Kairos's ghost!
Kairos's ghost is moderately damaged.
You block Kairos's ghost's attack. x2
You barely miss Kairos's ghost.
Kairos's ghost is moderately damaged.
Kairos's ghost hits you!
You closely miss Kairos's ghost.
Kairos's ghost is moderately damaged.
Kairos's ghost hits you!
* * * LOW HITPOINT WARNING * * *
You hit Kairos's ghost.
Kairos's ghost is moderately damaged.
Kairos's ghost hits you!
* * * LOW HITPOINT WARNING * * *
You hit Kairos's ghost but do no damage.
Kairos's ghost is moderately damaged.
You block Kairos's ghost's attack.
Kairos's ghost hits you but does no damage.
Kairos's ghost hits you!
You die...

.##.#........#######.#
.##.#........#######.#
.......#.##..##......#
....#.##.....##.###..#
.####.#####.###.###..#### # ^#
#.......###.##......# #...#
.######.......#.##...##.# #....
..............#.##...##.#####...#
....###.......#.@W...##..........
.....♣###.....÷..#...............
###♣..♣♣###...##.#.####..........
♣♣♣#♣...♣♣#...##.#......#####...#
...♣#♣...♣##..##.######## #....
..(⌠♣♣....♣#..##.# #wa.#
.._.♣♣....♣##.##.# #...#
...⌠♣♣.....♣#....# #...#
...♣#♣.....♣#..### ##.##


You could see Kairos's ghost.

Vanquished Creatures
  2 scorpions
  2 hounds (D:4)
  2 orc wizards
  An orc priest (D:4)
  An iguana (D:4)
  2 worker ants (D:4)
  6 adders
  4 gnolls
  4 oozes
  3 worms (D:2)
  4 dart slugs
  2 leopard geckos
  13 orcs
  3 giant cockroaches
  7 goblins
  9 hobgoblins
  A quokka (D:3)
  4 ball pythons
  8 bats
  5 frilled lizards
  A jackal skeleton (D:4)
  14 kobolds
  8 rats
106 creatures vanquished.

Notes
Turn   | Place    | Note
-------+----------+-------------------------------------------
     0 | D:1      | Kairos the Human Fighter began the quest for the Orb.
     0 | D:1      | Reached XP level 1. HP: 18/18 MP: 1/1
    47 | D:1      | Reached XP level 2. HP: 20/24 MP: 2/2
    55 | D:1      | Reached XP level 3. HP: 16/29 MP: 3/3
   556 | D:1      | Reached XP level 4. HP: 32/35 MP: 4/4
  1210 | D:2      | Found a stormy altar of Qazlal.
  1232 | D:2      | Reached XP level 5. HP: 31/41 MP: 5/5
  2542 | D:2      | Reached XP level 6. HP: 48/48 MP: 6/6
  3344 | D:3      | Found an opulent altar of Gozag.
  3612 | D:4      | Reached skill level 1 in Dodging
  3680 | D:4      | Reached XP level 7. HP: 19/53 MP: 7/7
  4275 | D:4      | Reached skill level 1 in Maces & Flails
  4332 | D:4      | Found a basalt altar of Yredelemnul.
  4441 | D:4      | Found a white marble altar of Elyvilon.
  4491 | D:4      | Noticed Kairos's ghost (novice BaFi)
  4527 | D:4      | HP: 1/54 [Kairos's ghost (13)]
  4529 | D:4      | Mangled by Kairos's ghost

Vault maps used:
D:1:      saegor_arrival_simple_e, grunt_decor_one_mirror, grunt_decor_cap
D:2:      overflow_temple_1_default
D:3:      cheibrodos_helix_gallery, grunt_gozag_statues, first_ration
D:4:      kennysheep_ying_yang, grunt_decor_arrowhead

Skill      XL: |  1  2  3  4  5  6  7 |
---------------+----------------------+-----
Axes           | 3 4 |  4.6
Armour         | 4 |  4.6
Shields        | 4 |  4.5
Dodging        | 1 |  1.2
Fighting       | 4 |  4.0
Maces & Flails | 1 |  1.1
Stealth        | |  0.8

Action                   |  1- 3 |  4- 6 |  7- 9 || total
-------------------------+-------+-------+-------++-------
Melee: War axe           |    82 |   208 |    41 ||   331
       Mace              |       |     4 |       ||     4
       Flail             |       |    14 |    51 ||    65
  Use: Scroll            |       |     3 |       ||     3
       Potion            |       |       |     1 ||     1
 Stab: Sleeping          |       |     1 |     1 ||     2
  Eat: Chunk             |       |     9 |     1 ||    10
       Ration            |       |       |     1 ||     1
Armor: Scale mail        |    45 |   118 |    38 ||   201
Dodge: Dodged            |    28 |    66 |    31 ||   125
Block: Shield            |    48 |   129 |    48 ||   225

Table legend:
 A = Spawn XP
 B = Non-spawn XP
 C = Spawn XP percentage of total XP
 D = Spawn monster count
 E = Non-spawn monster count
 F = Spawn count percentage of total count
 G = Total turns spent on level
                    A         B        C        D         E        F      G
               +---------+---------+-------+---------+---------+-------+---------
         Total |       0 |     783 |   0.0 |       0 |     106 |   0.0 |  4529
               +---------+---------+-------+---------+---------+-------+---------
           D:1 |       0 |      78 |   0.0 |       0 |      33 |   0.0 |   881
           D:2 |       0 |     198 |   0.0 |       0 |      26 |   0.0 |  1785
           D:3 |       0 |     113 |   0.0 |       0 |      30 |   0.0 |  1146
           D:4 |       0 |     394 |   0.0 |       0 |      17 |   0.0 |   717
               +---------+---------+-------+---------+---------+-------+---------
